 Dungeon Crawl Stone Soup version 0.28-a0-429-g1448048969 (webtiles) character file.

Game seed: 2014452264908671848

7 fexil the Caller (level 1, -3/7 HPs)
             Began as a Felid Summoner on Sept 10, 2021.
             Slain by a quokka (5 damage)
             ... on level 1 of the Dungeon.
             The game lasted 00:03:24 (1051 turns).

fexil the Caller (Felid Summoner)                   Turns: 1051, Time: 00:03:25

Health: -3/7       AC:  1    Str:  4    XL:     1   Next: 91%
Magic:  0/4        EV: 17    Int: 16    God:
Gold:   39         SH:  0    Dex: 16    Spells: 3/4 levels left
                                        Lives:  0   Deaths: 0

rFire   . . .      SeeInvis +   (weapon unavailable)
rCold   . . .      Faith    .   (shield unavailable)
rNeg    . . .      Spirit   .   (armour unavailable)
rPois   .          Reflect  .   (helmet unavailable)
rElec   .          Harm     .   (cloak unavailable)
rCorr   .          Rampage  .   (gloves unavailable)
Will    .....                   (boots unavailable)
Stlth   ++........              (no amulet)
HPRegen 0.02/turn               (no ring)
MPRegen 0.09/turn               (no ring)

@: quick
A: very small, claws 1, fangs 3, see invisible, speed 1, shaggy fur 1, stealthy
paws, no weapons or thrown items, no armour, multi-lived
a: no special abilities


You were on level 1 of the Dungeon.
You visited 1 branch of the dungeon, and saw 1 of its levels.

You collected 39 gold pieces.

Inventory:

Scrolls
 a - a scroll of fog {unknown}
 b - a scroll of noise {unknown}
 c - a scroll of enchant weapon {unknown}


   Skills:
 + Level 2.6 Dodging
 + Level 2.6 Stealth
 + Level 2.1 Spellcasting
 + Level 4.3 Summonings


You had 3 spell levels left.
You knew the following spells:

 Your Spells              Type           Power      Damage    Failure   Level
a - Summon Small Mammal   Summ           60%        N/A       3%          1

Your spell library contained the following spells:

 Spells                   Type           Power      Damage    Failure   Level
 Call Imp                 Summ           15%        N/A       5%          2
 Call Canine Familiar     Summ           15%        N/A       11%         3
 Summon Guardian Golem    Hex/Summ       8%         N/A       26%         3
 Summon Lightning Spire   Summ/Air       8%         N/A       63%         4


Dungeon Overview and Level Annotations

Branches:
Dungeon (1/15)

Altars:


Innate Abilities, Weirdness & Mutations

You have sharp claws.
You have razor-sharp teeth.
You have supernaturally acute eyesight. (SInv)
You cover ground quickly. (Speed+)
You are covered in fur. (AC +1)
Your paws help you pounce on unaware monsters.
You are incapable of wielding weapons or throwing items.
You cannot wear armour.
You gain extra lives every three experience levels.


Message History

Your quokka bites the quokka but does no damage.
Your bat hits the quokka but does no damage.
The quokka barely misses your quokka.
Your bat misses the quokka.
Your quokka completely misses the quokka.
The quokka bites your quokka.
Casting: Summon Small Mammal (safe; 3% risk of failure)
Press: ? - help, Q - select action Dir - look around, f - activate Your quokka disappears in a puff of smoke!
Your bat hits the quokka but does no damage.
Your bat barely misses the quokka.
Your bat misses the quokka.
Your bat hits the quokka but does no damage.
Your bat barely misses the quokka.
The quokka bites your bat.
Your bat dies!
Your bat's corpse disappears in a puff of smoke!
Your bat barely misses the quokka.
Your bat hits the quokka but does no damage.
Your bat misses the quokka.
Your bat barely misses the quokka.
Your bat barely misses the quokka.
Casting: Summon Small Mammal (safe; 3% risk of failure)
Press: ? - help, Q - select action Dir - look around, f - activate Your bat barely misses the quokka.
Your bat hits the quokka but does no damage.
Your bat hits the quokka but does no damage.
Your quokka closely misses the quokka.
Things that are here:
a +1 dagger of flaming; a +0 leather armour Your bat completely misses the quokka.
Your bat disappears in a puff of smoke!
Your quokka closely misses the quokka.
Things that are here:
a +0 short sword; 4 stones
Casting: Summon Small Mammal (safe; 3% risk of failure)
Press: ? - help, Q - select action Dir - look around, f - activate The quokka bites you.
Ouch! That really hurt!
You die...

#.#............<............#.
#.#.....#####.....#####.....#.
#.#....##...##...##...##..^.#.
#.#...##..8..##+##..8..##...#.
#.#..##.................##..#.
#.#.##...................##.#.
#.............)..r....).....[.
#############r#######§§....#..
#@# #......... #########b#
##......#. #†........#
######'#..#. ####.######
#......#.... #.# #.#########.
#.# #.# #...... #.### #.#
#.####. #...# ####.# #.# #.
#.### #....####.#####


You could see a quokka (ally target) and a friendly bat (summoned).

Vanquished Creatures
  A ball python (D:1)
  A frilled lizard (D:1)
2 creatures vanquished.

Vanquished Creatures (collateral kills)
  2 endoplasms (D:1)
  A goblin (D:1)
  A bat (D:1)
  A kobold (D:1)
  A rat (D:1)
6 creatures vanquished.

Grand Total: 8 creatures vanquished

Notes
Turn   | Place    | Note
-------+----------+-------------------------------------------
     0 | D:1      | fexil the Felid Summoner began the quest for the Orb.
     0 | D:1      | Reached XP level 1. HP: 7/7 MP: 4/4
   450 | D:1      | Found a faded altar of an unknown god.
  1051 | D:1      | Slain by a quokka

Illustrated notes

Levels and vault maps discovered:
D:1:      giann_horns, layout_basic, chequers_ecumenical_altar_simple,
          corexii_corridor_pit

Action                   || total
-------------------------++-------
Melee: Unarmed           ||    14
 Cast: Summon Small Mamm ||    31
 Stab: Distracted        ||     1
Armor: Skin              ||     4
Dodge: Dodged            ||    30

Table legend: (Time is in decaauts)
 A = Elapsed time spent in this place.
 B = Non-inter-level travel time spent in this place.
 C = Inter-level travel time spent in this place.
 D = Time resting spent in this place.
 E = Time spent auto-exploring this place.
 F = Levels seen in this place.
 G = Mean time per level.
                   A        B        C        D        E       F      G
               +--------+--------+--------+--------+--------+-----+--------+
         Total |    957 |    957 |      0 |      0 |    732 |   1 |  957.0 |
       Dungeon |    957 |    957 |      0 |      0 |    732 |   1 |  957.0 |
               +--------+--------+--------+--------+--------+-----+--------+

Top non-repeatable levels by time:
     D:1: 957 daAuts
